Cogmind - Beta 15 @@@ ROGUE MODE // 2025.05.26 @ 04:47:07 Player: Moddy Result: Destroyed by as-33135 with Assembled Blade Performance ------------- Evolutions (0) 0 Regions Visited (4) 800 Robots Destroyed (8) 40 Value Destroyed (199) 199 Prototype IDs (23) 460 Alien Tech Used (0) 0 Bonus (391) 391 TOTAL SCORE: 1890 Bonus ------- Follower Combat Kills 91 Aligned with FarCom 300 Cogmind --------- Core Integrity 0/250 Matter 278/300 Energy 125/125 System Corruption 0% Temperature Cool (40) Movement Core (300) Ox5 Location -9/Mines Parts ------- > --- POWER (1) -------- Light Ion Engine > --- PROPULSION (2) --- (None) > --- UTILITY (2) ------ Small Storage Unit Medium Storage Unit > --- WEAPON (2) ------- (None) > --- INVENTORY (10) --- Improved Heat Sink Medium Matter Pod (74) Modified TNC Chronowheel XL Autogun Array Peak State ------------ > --- POWER ------------ Light Nuclear Core > --- PROPULSION ------- Aluminum Leg Aluminum Leg > --- UTILITY ---------- Small Storage Unit Medium Storage Unit > --- WEAPON ----------- Small Laser Assault Rifle > --- INVENTORY -------- Light Ion Engine Light Treads Improved Heat Sink Medium Matter Pod Modified TNC Chronowheel XL Autogun Array [Rating: 15] Favorites ----------- Power Light Nuclear Core Engine Ion Engine Power Core Light Nuclear Core Propulsion Aluminum Leg Treads Light Treads Leg Aluminum Leg Utility Small Storage Unit Storage Small Storage Unit Weapon Small Laser Energy Gun Small Laser Ballistic Gun Assault Rifle Launcher Grenade Launcher Build | -11 -10 -10 -10 -9 ------- Run | Yrd Mat Min Exi Min Slots Evolved . | . . . . . Power . | . . . . . Propulsion . | . . . . . Utility . | . . . . . Weapon . | . . . . . Parts Attached 14 | 6 3 4 . 1 Power 4 | 1 . 2 . 1 Engine 3 | 1 . 1 . 1 Core 1 | . . 1 . . Reactor . | . . . . . Propulsion 4 | 2 2 . . . Treads 2 | 2 . . . . Leg 2 | . 2 . . . Wheel . | . . . . . Hover . | . . . . . Flight . | . . . . . Utility 2 | 1 1 . . . Device . | . . . . . Storage 2 | 1 1 . . . Processor . | . . . . . Hackware . | . . . . . Protection . | . . . . . Artifact . | . . . . . Weapon 4 | 2 . 2 . . Energy Gun 2 | 2 . . . . Energy Cannon . | . . . . . Ballistic Gun 1 | . . 1 . . Ballistic Cannon . | . . . . . Launcher 1 | . . 1 . . Special Weapon . | . . . . . Impact Weapon . | . . . . . Slashing Weapon . | . . . . . Piercing Weapon . | . . . . . Special Melee Weapon . | . . . . . Unidentified Prototypes . | . . . . . Parts Lost 5 | . . . . 5 Power 1 | . . . . 1 Propulsion 2 | . . . . 2 Utility . | . . . . . Weapon 2 | . . . . 2 Highest Loss Streak 5 | . . . . 5 To Critical Strikes 2 | . . . . 2 Average Backups 7 | 2 4 7 7 7 Power 1 | . 1 1 1 1 Propulsion 1 | 1 2 2 1 1 Utility 2 | . . 2 3 3 Weapon 1 | . 1 2 1 1 Tool/Special . | . . . . . Unused Backups 6 | . . . 1 5 Power . | . . . . . Propulsion . | . . . . . Utility 4 | . . . 1 3 Weapon 1 | . . . . 1 Tool/Special 1 | . . . . 1 Average Slot Usage (%) 99 | . 97 100 100 96 Engine 5 | . 14 9 . . Core 8 | . . 4 14 13 Leg 27 | . 20 28 28 26 Storage 27 | . 25 28 28 28 Energy Gun 14 | . 28 14 14 12 Ballistic Gun 12 | . . 13 14 13 Peak Build Rating 15 | 6 7 10 15 15 Average Rating 10 | 4 6 8 12 14 On Entrance 7 | . 6 7 10 15 Naked Turns . | . . . . . Heaviest Build 23 | 10 20 23 23 23 Greatest Support 40 | 40 40 20 20 20 Greatest Overweight (x) 5 | 1 . 1 1 5 Average Overweight (x) . | . . 1 1 1 Largest Inventory Capacity 10 | 8 10 10 10 10 Average Capacity 9 | 7 9 10 10 10 Most Carried 10 | 5 6 10 10 10 Average Carried 9 | 2 4 9 9 9 Final Capacity 10 | 8 10 10 10 10 Final Carried 10 | 4 6 10 10 8 Class Distribution -------------------- 100% | Mutant Dominant Class ---------------- Mutant | -10/Materials Mutant | -10/Mines Mutant | -10/Exiles Mutant | -9/Mines Resources | -11 -10 -10 -10 -9 ----------- Run | Yrd Mat Min Exi Min Matter Collected 497 | 125 165 207 . . Remotely . | . . . . . Salvage Created 216 | . . 207 . 9 Parts 9 | . . 9 . . Haulers Intercepted . | . . . . . Recyclers Shooed . | . . . . . Parts Field Recycled . | . . . . . Retrieved Matter . | . . . . . Parts Self-Destructed . | . . . . . Prevented . | . . . . . Kills | -11 -10 -10 -10 -9 ------- Run | Yrd Mat Min Exi Min Combat Hostiles Destroyed 9 | . . 7 . 2 Guns 8 | . . 6 . 2 AOE 1 | . . 1 . . Classes Destroyed 4 | . . 3 . 1 Tunneler 1 | . . 1 . . Swarmer 3 | . . 3 . . Grunt 4 | . . 4 . . Assembled 2 | . . . . 2 Best Kill Streak 4 | . . 4 . 2 Combat Bots Only 3 | . . 3 . 2 Max Kills in Single Turn 2 | . . 2 . 1 Gunslinging . | . . . . . Exploded 1 | . . 1 . . Melee . | . . . . . Uniques/NPCs Destroyed . | . . . . . Combat | -11 -10 -10 -10 -9 -------- Run | Yrd Mat Min Exi Min Hostile Shots Fired 98 | . . 41 . 57 Missed 33 | . . 11 . 22 Hits 65 | . . 30 . 35 Melee 7 | . . . . 7 Projectile 58 | . . 30 . 28 Critical Strikes 3 | . . . . 3 Damage Taken 988 | . . 419 . 569 Core 280 | . . 80 . 200 Absorbed by Shields . | . . . . . Core Remaining (%) 100 | 100 . . . . Volleys Fired 33 | . . 24 . 9 Largest 2 | . . 2 . 2 Hottest 70 | . . 70 . 60 Shots Fired 59 | . . 48 . 11 Gun 56 | . . 45 . 11 Cannon . | . . . . . Launcher 3 | . . 3 . . Special . | . . . . . Kinetic 30 | . . 21 . 9 Thermal 26 | . . 24 . 2 Explosive 3 | . . 3 . . Electromagnetic . | . . . . . Robot Hit Streak 10 | . . 10 . 1 Robot Miss Streak 5 | . . 2 . 5 Penetration Max . | . . . . . Secondary Targets 1 | . . 1 . . Max Gunslinging Chain 1 | . . 1 . . Shots Hit Robots 34 | . . 32 . 2 Core Hits 16 | . . 14 . 2 Critical Kills . | . . . . . Critical Parts Destroyed . | . . . . . Critical Strikes . | . . . . . Melee Attacks . | . . . . . Impact . | . . . . . Slashing . | . . . . . Piercing . | . . . . . Sneak Attacks . | . . . . . Combat Hostiles . | . . . . . Follow-up Attacks . | . . . . . Damage Inflicted 580 | . . 553 . 27 Guns 428 | . . 401 . 27 Cannons . | . . . . . Explosions 152 | . . 152 . . Melee . | . . . . . Ramming . | . . . . . Kinetic 257 | . . 230 . 27 Thermal 171 | . . 171 . . Explosive 152 | . . 152 . . Electromagnetic . | . . . . . Impact . | . . . . . Slashing . | . . . . . Piercing . | . . . . . Highest Corruption . | . . . . . Average Corruption . | . . . . . Corruption Purged . | . . . . . Corruption Blocked . | . . . . . Overload Shots . | . . . . . Overflow Damage . | . . . . . Projectiles . | . . . . . Explosions . | . . . . . Melee . | . . . . . Knockbacks . | . . . . . Impact . | . . . . . Kinetic . | . . . . . Secondary . | . . . . . Self-Inflicted Damage 41 | . . 41 . . Shots 3 | . . 3 . . Rammed . | . . . . . Targets Rammed . | . . . . . Kicked . | . . . . . Crushed . | . . . . . Highest Temperature 102 | . . 102 . 20 Average Temperature 44 | . . 51 . 6 Received Heat Transfer 351 | . . 171 . 180 Siege Activations . | . . . . . Martial Activations . | . . . . . Shielding Activations . | . . . . . Robots Disrupted . | . . . . . Combat Hostiles . | . . . . . Robots Corrupted . | . . . . . Combat Hostiles . | . . . . . Parts Fried . | . . . . . Impact Corruptions . | . . . . . Robots Melted . | . . . . . Combat Hostiles . | . . . . . Parts Melted 1 | . . 1 . . Heat Transferred 375 | . . 375 . . Parts Sabotaged . | . . . . . Parts Stolen . | . . . . . Parts Stripped . | . . . . . Power Chain Reactions . | . . . . . Alert | -11 -10 -10 -10 -9 ------- Run | Yrd Mat Min Exi Min Maximum Alert Level . | . . . . . Low Security (%) 100 | 100 100 100 . 100 Level 1 . | . . . . . Level 2 . | . . . . . Level 3 . | . . . . . Level 4 . | . . . . . Level 5 . | . . . . . High Security . | . . . . . Max Security . | . . . . . Peak Influence 67 | . 7 67 . 58 Initial . | . . . . . Average 12 | . 1 15 . 12 Influence Increases 285 | . 12 184 . 89 Destroy 0b10 Robot/C 200 | . . 140 . 60 Destroy 0b10 Robot/NC 5 | . . 5 . . Destroy Leader 50 | . . 30 . 20 Allied During Kill 9 | . . . . 9 Successful Hack 12 | . 12 . . . Destroy Structure 9 | . . 9 . . Influence Decreases 285 | . 12 184 . 89 Time Decay 265 | . 12 184 . 69 Lost Ally 20 | . . . . 20 Squads Dispatched 2 | . 2 . . . Investigation 2 | . 2 . . . Extermination . | . . . . . Reinforcement . | . . . . . Assault . | . . . . . Garrison . | . . . . . Intercept . | . . . . . Searches Triggered . | . . . . . Construction Impeded . | . . . . . Haulers Reinforced . | . . . . . Active Scanning Responses . | . . . . . Cargo Convoy Interrupts . | . . . . . Stealth | -11 -10 -10 -10 -9 --------- Run | Yrd Mat Min Exi Min Distress Signals . | . . . . . Communications Jammed . | . . . . . Distress Signals . | . . . . . Times Spotted 20 | . . 7 . 13 Peak Tracking Total 9 | . . 3 . 9 Tactical Retreats . | . . . . . Traps | -11 -10 -10 -10 -9 ------- Run | Yrd Mat Min Exi Min Traps Triggered 1 | . 1 . . . Indirectly . | . . . . . Trap Hack Attempts . | . . . . . Triggered . | . . . . . Disarmed . | . . . . . Reprogrammed . | . . . . . Reused . | . . . . . Traps Extracted . | . . . . . Installed . | . . . . . Triggered . | . . . . . Most Traps Carried 2 | . . 2 2 . Machines | -11 -10 -10 -10 -9 ---------- Run | Yrd Mat Min Exi Min Machines Disabled . | . . . . . Max in Single Turn . | . . . . . Machines Repaired . | . . . . . Machines Dismantled . | . . . . . Machines Sabotaged . | . . . . . Overloaded Fab Kills . | . . . . . Hacking | -11 -10 -10 -10 -9 --------- Run | Yrd Mat Min Exi Min Machines Accessed 5 | . 2 1 1 1 Terminals 4 | . 2 1 . 1 Fabricators . | . . . . . Repair Stations . | . . . . . Recycling Units . | . . . . . Scanalyzers . | . . . . . Garrison Access . | . . . . . Total Hacks 11 | . 6 1 1 3 Successful 5 | . 2 1 1 1 Failed 6 | . 4 . . 2 Catastrophic 1 | . 1 . . . Database Lockouts . | . . . . . Manual 6 | . 3 . 1 2 Terminals 10 | . 6 1 . 3 Fabricators . | . . . . . Repair Stations . | . . . . . Recycling Units . | . . . . . Scanalyzers . | . . . . . Garrison Access . | . . . . . Terminal Hacks 5 | . 2 1 1 1 Record 1 | . . 1 . . Registered Components 1 | . 1 . . . Zone Layout 2 | . 1 . . 1 Proto ID Catalog 1 | . . . 1 . Fabricator Hacks . | . . . . . Repair Station Hacks . | . . . . . Recycling Unit Hacks . | . . . . . Scanalyzer . | . . . . . Garrison Access Hacks . | . . . . . Unauthorized Hacks . | . . . . . Terminals . | . . . . . Fabricators . | . . . . . Repair Stations . | . . . . . Recycling Units . | . . . . . Scanalyzers . | . . . . . Garrison Access . | . . . . . Data Cores Recovered . | . . . . . Used . | . . . . . Hacking Detections 3 | . 2 . . 1 Full Trace Events 1 | . 1 . . . Feedback Events . | . . . . . Feedback Blocked . | . . . . . Robot Schematics Acquired . | . . . . . Robots Built . | . . . . . Authchips . | . . . . . Time . | . . . . . Total Robot Build Rating . | . . . . . Part Schematics Acquired . | . . . . . Parts Built . | . . . . . Authchips . | . . . . . Time . | . . . . . Total Part Build Rating . | . . . . . Parts Repaired . | . . . . . Time . | . . . . . Parts Recycled . | . . . . . Recycled Matter . | . . . . . Retrieved Matter . | . . . . . Retrieved Components . | . . . . . Parts Scanalyzed . | . . . . . Part Schematics Acquired . | . . . . . Parts Damaged . | . . . . . Bothacking | -11 -10 -10 -10 -9 ------------ Run | Yrd Mat Min Exi Min Used RIF Installer . | . . . . . Robots Hacked . | . . . . . Non-combat . | . . . . . Combat . | . . . . . Robot Hacks Applied . | . . . . . Relay Couplers Released . | . . . . . Fabnet Peak Effective % . | . . . . . Robots Rewired . | . . . . . Allies Hacked . | . . . . . Hacks Repelled . | . . . . . Allies | -11 -10 -10 -10 -9 -------- Run | Yrd Mat Min Exi Min Total Allies 3 | . . 3 . . Largest Group 3 | . . 3 3 3 Highest-Rated Group 40 | . . 40 40 40 Highest-Rated Ally 16 | . . 16 16 16 Total Orders . | . . . . . Ally Attacks 24 | . . . . 24 Total Damage 262 | . . . . 262 Kills 4 | . . . . 4 Allies Corrupted . | . . . . . Allies Melted . | . . . . . Intel | -11 -10 -10 -10 -9 ------- Run | Yrd Mat Min Exi Min Active Infowar (turns) . | . . . . . Robot Analysis Total . | . . . . . Derelict Logs Recovered 3 | . . 2 . 1 Drone Launches . | . . . . . Drone Recoveries . | . . . . . Exploration | -11 -10 -10 -10 -9 ------------- Run | Yrd Mat Min Exi Min Turns Passed 1910 | 68 102 928 476 336 Spaces Moved 966 | 37 76 440 248 165 Core 10 | 8 . . . 2 Treads 41 | 29 11 . . 1 Legs 915 | . 65 440 248 162 Wheels . | . . . . . Hover . | . . . . . Flight . | . . . . . Fastest Speed 50 | 50 120 190 190 160 Average Speed 183 | 144 125 190 190 191 Slowest Speed 300 | 160 160 190 190 300 Overloaded Moves . | . . . . . Propulsion Burnouts . | . . . . . Robots Hopped . | . . . . . Potential Cave-ins . | . . . . . Cave-ins Triggered . | . . . . . Exploration Rate (%) 36 | 4 14 71 61 30 Regions Visited 4 Branch Regions 3 Pre-discovered Areas . | . . . . . Known Exits Taken 1 | . . 1 . . Unknown Exits Taken 3 | 1 1 . 1 . Scrap Searched 1 | . . 1 . . Spaces Dug 5 | . . 5 . . Terrain Destroyed 25 | . . 25 . . Melee . | . . . . . Projectile . | . . . . . AOE 25 | . . 25 . . Terrain Rammed . | . . . . . Walls Destroyed . | . . . . . Machines Disabled . | . . . . . Actions | -11 -10 -10 -10 -9 --------- Run | Yrd Mat Min Exi Min Total 1049 | 52 81 484 256 176 Wait 7 | . . 7 . . Move 962 | 36 75 439 247 165 Hop . | . . . . . Pick Up 23 | 10 3 7 3 . Fast Attach . | . . . . . Attach 9 | 6 1 . . 2 Detach . | . . . . . Swap 6 | . 2 4 . . Drop 9 | . . 3 6 . Fire 33 | . . 24 . 9 Melee . | . . . . . Ram . | . . . . . Kick . | . . . . . Crush . | . . . . . Escape Stasis . | . . . . . Rewire . | . . . . . Trap . | . . . . . Miscellaneous . | . . . . . Route ------- -11/Scrapyard -10/Materials -10/Mines (discovered 2 exits: [*Mat] / *Exi) -10/Exiles (discovered 2 exits: *Min x2) -9/Mines History --------- Turn | Location | Event 12 | -11/Scrapyard | Discovered new exit (range 14) 69 | -11/Scrapyard | Entered Materials 127 | -10/Materials | Discovered new exit (range 9) 171 | -10/Materials | Entered Mines 207 | -10/Mines | Met a Derelict bent on vengeance 318 | -10/Mines | Build established: Mutant 450 | -10/Mines | Discovered new exit (range 10) 496 | -10/Mines | Found a hidden stash of uninstalled traps 644 | -10/Mines | Learned Materials non-interactive machine intel 982 | -10/Mines | Assisted by bots powering up and referring to "LRC-V3" 986 | -10/Mines | Identified exit to Exiles 1090 | -10/Mines | Deemed a non-threat by the Exiles lab entrance 1099 | -10/Mines | Entered Exiles 1099 | -10/Exiles | Accompanied by 3 allies 1130 | -10/Exiles | Discovered new exit (range 14) 1172 | -10/Exiles | Met 8R-AWN 1206 | -10/Exiles | Met EX-HEX 1255 | -10/Exiles | Met EX-BIN 1282 | -10/Exiles | Aligned with FarCom system 1284 | -10/Exiles | Given EX-Vault access code 1331 | -10/Exiles | Opened EX-Vault 1356 | -10/Exiles | Found Prototype Ballistic Gun 1367 | -10/Exiles | Found Prototype Processor 1371 | -10/Exiles | Found Prototype Device 1373 | -10/Exiles | Identified Modified TNC 1373 | -10/Exiles | Identified Chronowheel 1373 | -10/Exiles | Identified XL Autogun Array 1414 | -10/Exiles | Exiles lab attacked by MAIN.C 1556 | -10/Exiles | Discovered new exit (range 11) 1575 | -10/Exiles | Stole three prototypes: Modified TNC, Chronowheel, XL Autogun Array 1575 | -10/Exiles | Entered Mines 1575 | -9/Mines | Accompanied by 3 allies 1640 | -9/Mines | A weapon hastily lodged in a ceiling crevice suddenly fell to the ground 1676 | -9/Mines | Learned Materials trap positions 1818 | -9/Mines | Assembled infested the area 1897 | -9/Mines | Lost 4 allies 1898 | -9/Mines | Core integrity fell below 50% 1909 | -9/Mines | Core integrity fell below 20% 1911 | -9/Mines | Destroyed by as-33135 with Assembled Blade Last Messages --------------- Connecting with Terminal... Current location identified: Mines >>Layout(Zone) Retrieving Zone 9A layout... Downloaded map data. ALERT: Infestation in the mines, dispatching Demolisher response squad. C-30 ARC bursts open, deploying its payload. D-53 Grenadier unfolds itself. T-07 Excavator destroyed. as-77740 destroyed. Critical hit (Destroy). Sml. Laser destroyed. Lgt. Nuclear Core destroyed. as-76327 destroyed. Aluminum Leg destroyed. Critical hit (Destroy). Assault Rifle destroyed. Aluminum Leg destroyed. Lgt. Treads severed. R-06 Scavenger collects Lgt. Treads. Map ----- +----------------------------------------------------+ | ?????????????????### ########?? | | ????????????????## #????????? | | ????????????##### #????????? | | ????????????# ##????????? | | ????????????# ## #?????????? | | ????????????# ## #?????????? | | ?????????#### ### #?????????? | | ?????????# ### ##????????? | | ?????????# ## ###??????? | | ?????????# #### ##?????? | | ?????????# ### % #?????? | | ?????????#= ##????? | | ???????# %= ### % ##???? | | ???????# # #??# ### ##??? | | ?????????# #??# #?## #??? | | ?????????# #??# #??## #??? | | ?????????# #??# #???## ##??? | | ?????????# #??# #???## ##???? | | ?????????# #??# #???# #????? | | ?????????# #??# #???# #????? | | ?????????# #??? ????## #????? | | ?????????# #???#?????### #????? | | ????????? #???????????# #????? | | ????????? ???????????# ##???? | | ????????? ??????????## ##??? | | ????????? ????????###r@ #??? | | ???????? " ???????## aa #??? | | ???????? %" ???????# a #?? | | ????????## ===%a=a #?? | | ?????????# !%==a% a #?? | | ?????????? *#a##### ##?? | | ?????????? #?#?????#### #??? | | ??????????? ?????????????? #??? | | ??????????????????????????? #??? | | ??????????????????????????? #??? | | ??????????????????????????? #??? | | ??????????????????????????? #??? | | ??????????????????????????? #??? | | ??????????????????????????? ???? | | ???????????????????????????????? | | ???????????????????????????????? | | ???????????????????????????????? | | ???????????????????????????????? | | ???????????????????????????????? | | | | | | | | | | | | | +----------------------------------------------------+ Best States ------------- Heat Dissipation 25 Energy Generation 14 Energy Capacity 250 Matter Stores 300 Matter Capacity 300 Sight Range 16 Terrain Scan Density 10 Evasion (%) 55 Recoil Reduction 2 Item Schematics ----------------- None Robot Schematics ------------------ None Fabricated ------------ Nothing Repaired ---------- Nothing Alien Tech Used ----------------- None Achievements -------------- None Challenges ------------ None Game ------ Seed ExplosiveLinearBeam Manual? 0 Play Time 00:12:35 Cumulative 12.1 hours Start 2025.05.26 @ 04:30:05 End 2025.05.26 @ 04:47:07 Sessions 1 Manual Loads 0 Difficulty Rogue Special Mode None Game No. 26 Rogue 26 Adventurer 0 Explorer 0 Win Type - Total 0 Types 0/0/0/0/0/0/0/0/0/0 Lore% 9 Gallery% 22 Achievement% 16 Wizard Run 0 Options --------- Layout 1 ASCII 0 Keyboard 0 Movement Mouse Keybinds 0 Fullscreen 1 Font 32/SmallcapsGlow Map View 77x35 Zoom Use 0% Tactical HUD 0 Map Filters NONE Filters NONE Steam 1 RUN: 8cbcd88d-f2e9-4c1b-ad63-ef59dabd1aeb